Cogmind - Beta 14 @@@ ROGUE MODE // 2025.03.10 @ 22:54:27 Player: puppuppit Result: Destroyed by G-47 Trooper with Particle Gun Performance ------------- Evolutions (0) 0 Regions Visited (2) 400 Robots Destroyed (32) 160 Value Destroyed (592) 592 Prototype IDs (0) 0 Alien Tech Used (0) 0 Bonus (0) 0 TOTAL SCORE: 1152 Bonus ------- None Cogmind --------- Core Integrity 0/250 Matter 262/300 Energy 100/100 System Corruption 1% Temperature Cool (9) Movement Rolling (120) Ox1 Location -10/Subcaves Parts ------- > --- POWER (1) -------- (None) > --- PROPULSION (2) --- Subdweller Monowheel Subdweller Monowheel > --- UTILITY (2) ------ High-capacity Storage Unit Targeting Computer > --- WEAPON (2) ------- Light Assault Rifle Mining Claw > --- INVENTORY (20) --- Light Ion Engine Subdweller Power Source Subdweller Power Source Wheel Wheel Wheel Wheel Compact Wheel Compact Wheel Compact Wheel Subdweller Monowheel Heat Sink Subdweller Optics Improved Terrain Scanner Improved Terrain Scanner Medium Laser Subdweller Machine Gun Mining Claw Peak State ------------ > --- POWER ------------ Light Ion Engine > --- PROPULSION ------- Compact Wheel Subdweller Monowheel > --- UTILITY ---------- High-capacity Storage Unit Targeting Computer > --- WEAPON ----------- Light Assault Rifle Light Assault Rifle > --- INVENTORY -------- Light Ion Engine Wheel Wheel Wheel Wheel Compact Wheel Compact Wheel Subdweller Monowheel Heat Sink Disposable Heat Sink Improved Terrain Scanner Improved Terrain Scanner Medium Laser Mining Claw Mining Claw [Rating: 10] Favorites ----------- Power Light Ion Engine Engine Light Ion Engine Propulsion Compact Wheel Wheel Compact Wheel Utility Targeting Computer Device Improved Terrain Scanner Storage High-capacity Storage Unit Processor Targeting Computer Weapon Light Assault Rifle Energy Gun Medium Laser Ballistic Gun Light Assault Rifle Ballistic Cannon Light Cannon Slashing Weapon Mining Claw Build | -11 -10 -10 ------- Run | Yrd Mat Sub Slots Evolved . | . . . Power . | . . . Propulsion . | . . . Utility . | . . . Weapon . | . . . Parts Attached 34 | 8 15 11 Power 2 | 1 . 1 Engine 2 | 1 . 1 Core . | . . . Reactor . | . . . Propulsion 13 | 3 7 3 Treads . | . . . Leg . | . . . Wheel 13 | 3 7 3 Hover . | . . . Flight . | . . . Utility 6 | 2 4 . Device 2 | 1 1 . Storage 3 | 1 2 . Processor 1 | . 1 . Hackware . | . . . Protection . | . . . Artifact . | . . . Weapon 13 | 2 4 7 Energy Gun 2 | 1 . 1 Energy Cannon . | . . . Ballistic Gun 7 | 1 3 3 Ballistic Cannon 1 | . . 1 Launcher . | . . . Special Weapon . | . . . Impact Weapon . | . . . Slashing Weapon 3 | . 1 2 Piercing Weapon . | . . . Special Melee Weapon . | . . . Unidentified Prototypes . | . . . Parts Lost 7 | . 3 4 Power 1 | . . 1 Propulsion 2 | . 2 . Utility . | . . . Weapon 4 | . 1 3 Highest Loss Streak 2 | . 1 2 To Critical Strikes . | . . . Average Slot Usage (%) 83 | . 86 80 Engine 3 | . 3 3 Wheel 23 | . 25 20 Device 3 | . 6 . Storage 14 | . 14 14 Processor 10 | . 7 14 Energy Gun 1 | . 2 . Ballistic Gun 19 | . 23 14 Ballistic Cannon 1 | . . 3 Slashing Weapon 4 | . . 9 Peak Build Rating 10 | 9 9 10 Average Rating 7 | 6 7 7 On Entrance 5 | . 9 6 Naked Turns . | . . . Heaviest Build 47 | 13 43 47 Greatest Support 40 | 26 32 40 Greatest Overweight (x) 2 | . 2 2 Average Overweight (x) . | . . 1 Largest Inventory Capacity 20 | 8 20 20 Average Capacity 16 | 7 14 20 Most Carried 18 | 5 15 18 Average Carried 11 | 1 10 15 Final Capacity 20 | 8 20 20 Final Carried 18 | 5 15 18 Class Distribution -------------------- 100% | Mutant Dominant Class ---------------- Mutant | -10/Materials Mutant | -10/Subcaves Resources | -11 -10 -10 ----------- Run | Yrd Mat Sub Matter Collected 940 | 296 503 141 Remotely . | . . . Salvage Created 1139 | 168 839 132 Parts 83 | 14 59 10 Haulers Intercepted 2 | . 2 . Recyclers Shooed 5 | 1 4 . Parts Field Recycled . | . . . Retrieved Matter . | . . . Parts Self-Destructed . | . . . Prevented . | . . . Kills | -11 -10 -10 ------- Run | Yrd Mat Sub Combat Hostiles Destroyed 16 | . 13 3 Guns 16 | . 13 3 Classes Destroyed 10 | 3 5 2 Worker 5 | 2 3 . Builder 1 | . 1 . Tunneler 4 | 4 . . Hauler 2 | . 2 . Recycler 3 | 1 2 . Watcher 1 | . 1 . Swarmer 3 | . 3 . Grunt 10 | . 10 . Artisan 1 | . . 1 Subdweller 3 | . . 3 Best Kill Streak 7 | 6 7 1 Combat Bots Only 5 | . 5 1 Max Kills in Single Turn 1 | 1 1 1 Gunslinging . | . . . Exploded . | . . . Melee . | . . . Uniques/NPCs Destroyed . | . . . Combat | -11 -10 -10 -------- Run | Yrd Mat Sub Hostile Shots Fired 105 | . 80 25 Missed 27 | . 21 6 Damage Taken 1093 | . 715 378 Core 259 | . 196 63 Absorbed by Shields . | . . . Regen/Repaired (Parts) 156 | . 156 . Core Remaining (%) 100 | 100 . . Volleys Fired 141 | 28 91 22 Largest 2 | 2 2 2 Hottest 70 | 70 70 70 Shots Fired 261 | 40 180 41 Gun 250 | 40 180 30 Cannon 11 | . . 11 Launcher . | . . . Special . | . . . Kinetic 226 | 28 160 38 Thermal 35 | 12 20 3 Explosive . | . . . Electromagnetic . | . . . Robot Hit Streak 20 | 4 17 20 Robot Miss Streak 8 | 3 8 3 Penetration Max . | . . . Secondary Targets . | . . . Shots Hit Robots 180 | 24 123 33 Core Hits 61 | 8 43 10 Critical Kills . | . . . Critical Parts Destroyed . | . . . Critical Strikes 4 | . 1 3 Burn 2 | . 1 1 Destroy 1 | . . 1 Blast 1 | . . 1 Melee Attacks 26 | . 11 15 Impact . | . . . Slashing 26 | . 11 15 Piercing . | . . . Sneak Attacks 2 | . 1 1 Combat Hostiles . | . . . Follow-up Attacks . | . . . Damage Inflicted 1966 | 303 1321 342 Guns 1770 | 303 1271 196 Cannons 146 | . . 146 Explosions . | . . . Melee 50 | . 50 . Ramming . | . . . Kinetic 1634 | 189 1129 316 Thermal 282 | 114 142 26 Explosive . | . . . Electromagnetic . | . . . Impact . | . . . Slashing 50 | . 50 . Piercing . | . . . Highest Corruption 1 | . 1 1 Average Corruption 1 | . 1 1 Corruption Purged . | . . . Corruption Blocked . | . . . Effects 15 | . 9 6 Message Errors 7 | . 3 4 Matter Fused 2 | . . 2 Heat Flow Errors 1 | . 1 . Energy Discharges 1 | . 1 . Parts Rejected 1 | . 1 . Data Loss (minor) 2 | . 2 . Weapon Failures 1 | . 1 . Overload Shots . | . . . Overflow Damage . | . . . Projectiles . | . . . Explosions . | . . . Melee . | . . . Knockbacks 4 | . . 4 Impact . | . . . Kinetic 4 | . . 4 Secondary . | . . . Self-Inflicted Damage . | . . . Shots . | . . . Rammed . | . . . Targets Rammed . | . . . Kicked . | . . . Crushed . | . . . Highest Temperature 228 | 27 228 . Average Temperature 82 | 14 89 . Received Heat Transfer 441 | . 360 81 Siege Activations . | . . . Robots Corrupted . | . . . Combat Hostiles . | . . . Parts Fried . | . . . Impact Corruptions . | . . . Robots Melted . | . . . Combat Hostiles . | . . . Parts Melted 1 | . 1 . Heat Transferred 962 | 333 481 148 Parts Sabotaged . | . . . Parts Stolen . | . . . Parts Stripped . | . . . Power Chain Reactions . | . . . Alert | -11 -10 -10 ------- Run | Yrd Mat Sub Peak Influence 199 | 35 199 . Initial 22 | . 22 . Average 109 | 15 122 . Maximum Alert Level 1 | . 1 . Low Security (%) 99 | 100 99 . Level 1 . | . . . Level 2 . | . . . Level 3 . | . . . Level 4 . | . . . Level 5 . | . . . High Security . | . . . Max Security . | . . . Squads Dispatched 4 | . 4 . Investigation 3 | . 3 . Extermination . | . . . Reinforcement 1 | . 1 . Assault . | . . . Garrison . | . . . Intercept . | . . . Searches Triggered . | . . . Construction Impeded . | . . . Haulers Reinforced . | . . . Active Scanning Responses . | . . . Cargo Convoy Interrupts . | . . . Stealth | -11 -10 -10 --------- Run | Yrd Mat Sub Distress Signals 1 | . 1 . Communications Jammed . | . . . Distress Signals . | . . . Times Spotted 30 | . 24 6 Peak Tracking Total 4 | . 4 2 Tactical Retreats 3 | . 2 1 Traps | -11 -10 -10 ------- Run | Yrd Mat Sub Traps Triggered 1 | . 1 . Indirectly . | . . . Trap Hack Attempts . | . . . Triggered . | . . . Disarmed . | . . . Reprogrammed . | . . . Reused . | . . . Traps Extracted . | . . . Installed . | . . . Triggered . | . . . Machines | -11 -10 -10 ---------- Run | Yrd Mat Sub Machines Disabled . | . . . Max in Single Turn . | . . . Machines Repaired . | . . . Machines Dismantled . | . . . Machines Sabotaged . | . . . Overloaded Fab Kills . | . . . Hacking | -11 -10 -10 --------- Run | Yrd Mat Sub Machines Accessed 9 | . 9 . Terminals 7 | . 7 . Fabricators . | . . . Repair Stations 1 | . 1 . Recycling Units 1 | . 1 . Scanalyzers . | . . . Garrison Access . | . . . Total Hacks 32 | . 32 . Successful 19 | . 19 . Failed 13 | . 13 . Catastrophic . | . . . Database Lockouts . | . . . Manual 24 | . 24 . Terminals 25 | . 25 . Fabricators . | . . . Repair Stations 6 | . 6 . Recycling Units 1 | . 1 . Scanalyzers . | . . . Garrison Access . | . . . Terminal Hacks 5 | . 5 . Robot Analysis 3 | . 3 . Terminal Index 1 | . 1 . Alert Level 1 | . 1 . Fabricator Hacks . | . . . Repair Station Hacks 6 | . 6 . Scan Component 3 | . 3 . Repair 3 | . 3 . Recycling Unit Hacks 1 | . 1 . Retrieve Components 1 | . 1 . Scanalyzer . | . . . Garrison Access Hacks . | . . . Unauthorized Hacks 7 | . 7 . Terminals 7 | . 7 . Botnet 7 | . 7 . Fabricators . | . . . Repair Stations . | . . . Recycling Units . | . . . Scanalyzers . | . . . Garrison Access . | . . . Data Cores Recovered . | . . . Used . | . . . Hacking Detections 7 | . 7 . Full Trace Events 5 | . 5 . Feedback Events 1 | . 1 . Corruption 1 | . 1 . Feedback Blocked . | . . . Robot Schematics Acquired . | . . . Robots Built . | . . . Authchips . | . . . Time . | . . . Total Robot Build Rating . | . . . Part Schematics Acquired . | . . . Parts Built . | . . . Authchips . | . . . Time . | . . . Total Part Build Rating . | . . . Parts Repaired 3 | . 3 . Time 78 | . 78 . Parts Recycled . | . . . Recycled Matter . | . . . Retrieved Matter . | . . . Retrieved Components 3 | . 3 . Parts Scanalyzed . | . . . Part Schematics Acquired . | . . . Parts Damaged . | . . . Bothacking | -11 -10 -10 ------------ Run | Yrd Mat Sub Used RIF Installer . | . . . Robots Hacked . | . . . Non-combat . | . . . Combat . | . . . Robot Hacks Applied . | . . . Relay Couplers Released . | . . . Fabnet Peak Effective % . | . . . Robots Rewired . | . . . Allies Hacked . | . . . Hacks Repelled . | . . . Allies | -11 -10 -10 -------- Run | Yrd Mat Sub Total Allies . | . . . Largest Group . | . . . Highest-Rated Group . | . . . Highest-Rated Ally . | . . . Total Orders . | . . . Ally Attacks . | . . . Total Damage . | . . . Kills . | . . . Allies Corrupted . | . . . Allies Melted . | . . . Intel | -11 -10 -10 ------- Run | Yrd Mat Sub Robot Analysis Total 3 | . 3 . Derelict Logs Recovered . | . . . Drone Launches . | . . . Drone Recoveries . | . . . Exploration | -11 -10 -10 ------------- Run | Yrd Mat Sub Turns Passed 1921 | 139 1007 775 Spaces Moved 1206 | 66 626 514 Core 2 | 2 . . Treads . | . . . Legs . | . . . Wheels 1204 | 64 626 514 Hover . | . . . Flight . | . . . Fastest Speed 50 | 50 80 115 Average Speed 105 | 84 92 124 Slowest Speed 130 | 90 130 130 Overloaded Moves . | . . . Propulsion Burnouts . | . . . Robots Hopped . | . . . Cave-ins Triggered . | . . . Exploration Rate (%) 37 | 5 74 34 Regions Visited 2 Branch Regions 1 Pre-discovered Areas . | . . . Known Exits Taken . | . . . Unknown Exits Taken 2 | 1 1 . Scrap Searched . | . . . Spaces Dug 1 | . 1 . Terrain Destroyed 1 | . 1 . Melee 1 | . 1 . Projectile . | . . . AOE . | . . . Terrain Rammed . | . . . Walls Destroyed . | . . . Machines Disabled . | . . . Actions | -11 -10 -10 --------- Run | Yrd Mat Sub Total 1549 | 105 865 579 Wait 119 | . 110 9 Move 1204 | 65 625 514 Hop . | . . . Pick Up 19 | 4 8 7 Fast Attach 13 | 7 5 1 Attach 6 | . 2 4 Detach 3 | . 3 . Swap 15 | 1 8 6 Drop 3 | . 2 1 Fire 141 | 28 91 22 Melee 26 | . 11 15 Ram . | . . . Kick . | . . . Crush . | . . . Escape Stasis . | . . . Rewire . | . . . Trap . | . . . Miscellaneous . | . . . Route ------- -11/Scrapyard -10/Materials (discovered 5 exits: [*Mat x2] / [*Min x2] / [*Sub]) -10/Subcaves (discovered 1 exit: [*Mat]) History --------- Turn | Location | Event 10 | -11/Scrapyard | Discovered new exit (range 16) 140 | -11/Scrapyard | Entered Materials 181 | -10/Materials | Discovered new exit (range 7) 205 | -10/Materials | Discovered new exit (range 16) 312 | -10/Materials | Build established: Mutant 344 | -10/Materials | Discovered new exit (range 8) 621 | -10/Materials | Repaired Lgt. Cannon 650 | -10/Materials | Repaired Assault Rifle 677 | -10/Materials | Repaired Com. Wheel 721 | -10/Materials | Discovered new exit (range 15) 764 | -10/Materials | Core integrity fell below 50% 1146 | -10/Materials | Discovered new exit (range 2) 1147 | -10/Materials | Entered Subcaves 1745 | -10/Subcaves | Core integrity fell below 20% 1838 | -10/Subcaves | Shifting Twisted Machinery released Scrap Shield 1913 | -10/Subcaves | Discovered new exit (range 13) 1922 | -10/Subcaves | Destroyed by G-47 Trooper with Particle Gun Last Messages --------------- 01732_ Acquired Sub. Power Source. 01734_ Subatomizers dissect the Disposable Heat Sink. 01736_ Acquired Sub. Power Source. 01737_ Acquired 22 matter. 01740_ Acquired 3 matter. 01748_ Subatomizers dissect the Disposable Heat Sink. 01748_ Lgt. Assault Rifle destroyed. 01753_ 5M-69J(R) suffers critical hit (Burn). 01754_ <&E:MG|NNYTNQGFEBF>C VT&Q%B UIOF 01756_ Lgt. Ion Engine destroyed. 01759_ 5M-69J(R) destroyed. 01772_ Acquired Sub. Monowheel. 01773_ Acquired 46 matter. 01776_ Acquired Sub. Machine Gun. 01791_ System corrupted: Matter fused (-10). 01830_ 5SUZ 4F=IC NVI #EL4Z#8IE2U SEAKJ%O8P%A9 Scrap Shield falls loose from the Twisted Machinery. 01902_ Subatomizers dissect the Disposable Heat Sink. 01913_ EXIT=FOUND 01919_ ET6A%GLJXEY =& TYVC Map ----- +----------------------------------------------------+ | ##?????## ### #?????????????????????????? | | #???????## ## #?????????????????????????? | | #??#?????## #?????????????????????????? | | # #?# ## ##????????????????????????? | | ###### ###??????????????????????? | | ????# ## ###????????????????????? | | ????## ######## | ##???????????????????? | | ?????####?????#### ! #???????????????????? | | ?????????????## #???????????????????? | | ?????????##### #???????????????????? | | ????######""" ###???????????????????? | | ????# " " " ##?????????????????????? | | ????# " #### ##?????????????????????? | | ????# " #########??# #####?????????????????? | | ????## ##?# #####??## "#?????????????????? | | ?????# ##? #??# "#?#???????????????? | | ?????## "#? #?## "# ##? ????????????? | | ??????# "#?#" ### """ " ???????????? | | ????### ""#??# "" " ???????????? | | ???##" """#??????#### # ## " ???????????? | | ???#""" "##?????????# ####??????????????? | | ???# ## "##????????## "" #?????????????? | | ???####" "#???#??### "#?????????????? | | ??####"" ##???# ## ### "#?????????????? | | ##" """ #????# g ##?? #?????????????? | | """ #????# g @###???? "#?????????????? | | """" ##" ##???# #### ###??????? #?????????????? | | """#####????# ???####??????????#?????????????? | | "????????## ????????????????????????????????? | | ""????????? ????????????????????????????????? | | #######??????? ?????????????????????????????????? | | ????????????? ?????????????????????????????????? | | ???????????? ??????????????????????????????????? | | ??????????? ??????????????????????????????????? | | ??????????? ???????????????????????????????????? | | ?????????? < ???????????????????????????????????? | | ?????????## #????????????????????????????????????? | | ??????????##?????????????????????????????????????? | | ?????????????????????????????????????????????????? | | ?????????????????????????????????????????????????? | | ?????????????????????????????????????????????????? | | ?????????????????????????????????????????????????? | | ?????????????????????????????????????????????????? | | ?????????????????????????????????????????????????? | | ?????????????????????????????????????????????????? | | ?????????????????????????????????????????????????? | | ?????????????????????????????????????????????????? | | ?????????????????????????????????????????????????? | | ?????????????????????????????????????????????????? | | ?????????????????????????????????????????????????? | +----------------------------------------------------+ Best States ------------- Heat Dissipation 35 Energy Generation 10 Energy Capacity 125 Matter Stores 300 Matter Capacity 300 Sight Range 16 Terrain Scan Range 16 Terrain Scan Density 10 Evasion (%) 44 Targeting Accuracy 5 Item Schematics ----------------- None Robot Schematics ------------------ None Fabricated ------------ Nothing Alien Tech Used ----------------- None Achievements -------------- None Challenges ------------ None Game ------ Seed CompanionPortableProtomatter Manual? 0 Play Time 00:15:14 Cumulative 189.9 hours Start 2025.03.10 @ 22:42:20 End 2025.03.10 @ 22:54:27 Sessions 1 Manual Loads 0 Difficulty Rogue Special Mode None Game No. 100 Rogue 100 Adventurer 0 Explorer 0 Win Type - Total 3 Types 1/0/1/1/0/0/0/0/0 Lore% 62 Gallery% 65 Achievement% 60 Wizard Run 0 Options --------- Layout 0 ASCII 0 Keyboard 1 Movement Vi Keybinds 0 Fullscreen 1 Font 12/Proggy Map View 83x54 Zoom Use 0% Tactical HUD 1 Map Filters NONE Filters NONE Steam 0 RUN: aca29061-24a1-4b6b-b6c0-0ed4d0fb3a3e